Map: Lightshade LE

Players

ArT - Winner!

  • Race: Protoss Protoss
  • Spawn Location: 11:00

BlyOnFire (Bly)

  • Race: Zerg Zerg
  • Spawn Location: 5:00

Event: DreamHack SC2 Masters 2020 Winter

VOD

Have the link to the VOD?

Description

Time

  • Played on: Oct. 14, 2020, 1:45 p.m.
  • Length: 13:45

All games in this series

Show
View Real Time Build Order
Export as new Build Order

ArT Protoss - Winner!

Build Orders:  

Get SALT Encoding   

  12  0:00  Probe  
  13  0:12  Probe  
  14  0:17  Pylon  
  14  0:24  Probe (Chrono Boost)  
  15  0:36  Probe (Chrono Boost)  
  15  0:37  Gateway  
  16  0:45  Probe (Chrono Boost)  
  16  0:46  Assimilator  
  17  0:51  Probe  
  18  1:03  Probe  
  19  1:15  Probe  
  20  1:23  Zealot (Chrono Boost)  
  20  1:24  Forge  
  22  1:30  Cybernetics Core  
  22  1:36  Pylon  
  22  1:46  Probe  
  23  1:57  Photon Cannon  
  23  2:04  Adept (Chrono Boost)  
  25  2:10  Probe  
  24  2:29  Probe  
  25  2:31  Adept  
  26  2:45  Warp Gate  
  26  2:48  Nexus  
  25  2:51  Probe  
  26  3:00  Pylon  
  26  3:04  Assimilator  
  26  3:07  Probe  
  27  3:14  Stalker  
  29  3:21  Probe (Chrono Boost)  
  30  3:31  Probe (Chrono Boost)  
  31  3:36  Probe (Chrono Boost)  
  31  3:40  Twilight Council  
  32  3:48  Probe  
  33  3:49  Gateway  
  33  4:01  Robotics Facility, Probe (Chrono Boost)  
  34  4:06  Probe (Chrono Boost)  
  35  4:13  Gateway  
  35  4:14  Resonating Glaives (Chrono Boost)  
  37  4:17  Probe (Chrono Boost)  
  37  4:18  Probe (Chrono Boost)  
  37  4:22  Probe (Chrono Boost)  
  38  4:28  Gateway  
  38  4:32  Probe  
  38  4:34  Adept  
  38  4:36  Probe  
  42  4:45  Adept  
  45  4:48  Warp Prism  
  45  4:51  Probe  
  47  4:53  Probe  
  47  4:57  Pylon  
  48  5:05  Probe x2  
  50  5:08  Adept x2  
  50  5:11  Assimilator  
  54  5:16  Adept  
  54  5:18  Probe x2  
  58  5:23  Pylon  
  58  5:36  Shield Battery  
  58  5:37  Adept  
  58  5:40  Probe x2  
  60  5:46  Adept x3  
  66  5:50  Assimilator, Pylon  
  66  5:52  Probe  
  67  6:02  Probe  
  68  6:05  Pylon  
  68  6:07  Adept  
  68  6:11  Stalker  
  70  6:15  Adept x2  
  72  6:27  Immortal (Chrono Boost)  
  72  6:28  Probe  
  72  6:31  Robotics Bay  
  77  6:35  Probe  
  77  6:36  Protoss Ground Weapons Level 1  
  78  6:42  Forge  
  70  7:00  Dark Shrine  
  66  7:03  Immortal (Chrono Boost)  
  70  7:09  Blink  
  70  7:27  Pylon  
  70  7:28  Gateway  
  70  7:29  Gravitic Drive  
  70  7:30  Gateway  
  70  7:32  Disruptor (Chrono Boost)  
  73  7:42  Nexus  
  73  7:44  Pylon  
  73  7:52  Probe x2  
  73  7:56  Disruptor (Chrono Boost)  
  78  8:00  Gateway  
  78  8:03  Sentry x2  
  78  8:04  Zealot x2, Shield Battery  
  78  8:05  Probe  
  87  8:09  Probe  
  88  8:17  Pylon, Probe  
  89  8:26  Dark Templar  
  88  8:27  Dark Templar  
  86  8:41  Probe x2  
  82  8:53  Disruptor (Chrono Boost), Probe x2  
  82  8:54  Stalker x4  
  86  8:56  Shield Battery  
  86  8:58  Shield Battery, Probe  
  90  9:05  Probe  
  91  9:12  Probe  
  91  9:14  Probe  
  91  9:16  Assimilator  
  93  9:18  Protoss Ground Armor Level 1 (Chrono Boost)  
  93  9:19  Adept x3  
  93  9:21  Assimilator  
  93  9:22  Observer (Chrono Boost)  
  93  9:24  Probe  
  101  9:25  Probe  
  101  9:26  Probe  
  101  9:28  Gateway  
  103  9:37  Protoss Ground Weapons Level 2 (Chrono Boost)  
  103  9:39  Photon Cannon  
  103  9:50  Colossus  
  108  10:05  Stalker x3  
  108  10:06  Stalker  
  116  10:10  Stalker x2  
  120  10:15  Pylon  
  120  10:16  Pylon  
  120  10:25  Probe  
  120  10:26  Probe  
  122  10:31  Stalker  
  124  10:39  Probe  
  124  10:42  Nexus  
  125  10:45  Pylon  
  125  10:47  Stalker x2  
  129  10:54  Photon Cannon  
  129  11:01  Shield Battery  
  129  11:03  Stalker x3  
  135  11:04  Stalker  
  135  11:07  Stalker  
  112  11:25  Stalker x3  
  117  11:34  Stalker x4  
  98  11:51  Stalker x4  
  82  12:11  Stalker x2  
  82  12:15  Sentry  
  83  12:32  Stalker  
  74  12:51  Probe (Chrono Boost)  
  74  13:00  Probe (Chrono Boost)  
  71  13:05  Probe  
  71  13:06  Observer  
  70  13:17  Probe  
  71  13:32  Probe  
  75  13:39  Stalker x3  
Show
View Real Time Build Order
Export as new Build Order

BlyOnFire Zerg 

Build Orders: Pool First 

Get SALT Encoding   

  12  0:00  Drone  
  13  0:11  Drone  
  14  0:24  Spawning Pool  
  13  0:28  Drone  
  14  0:35  Extractor  
  14  0:36  Drone  
  14  0:40  Extractor  
  14  0:41  Drone  
  15  0:47  Overlord  
  16  1:12  Zergling x2  
  16  1:13  Zergling x2  
  16  1:16  Hatchery  
  17  1:19  Zergling x2  
  17  1:25  Zergling x2  
  19  1:43  Hatchery  
  18  1:48  Drone  
  18  1:51  Drone  
  21  2:03  Overlord  
  21  2:06  Extractor, Queen  
  22  2:11  Extractor  
  20  2:24  Drone x2  
  20  2:35  Drone  
  20  2:41  Queen  
  22  2:46  Drone  
  23  2:51  Hatchery  
  23  2:55  Drone  
  23  2:56  Queen  
  25  3:07  Drone  
  25  3:08  Zergling x4  
  28  3:17  Zergling x4  
  28  3:18  Zergling x2  
  31  3:20  Drone  
  31  3:25  Overlord  
  32  3:31  Metabolic Boost  
  32  3:41  Drone x3  
  35  3:46  Overlord  
  35  3:54  Drone x3  
  38  3:59  Drone x2  
  40  4:06  Drone x3  
  43  4:13  Drone x3  
  43  4:15  Drone  
  47  4:20  Drone x2  
  49  4:24  Overlord  
  49  4:27  Drone x2  
  51  4:33  Drone x3  
  51  4:37  Queen  
  56  4:47  Overlord  
  56  4:49  Roach Warren  
  56  4:51  Overlord  
  55  4:53  Extractor  
  55  4:54  Extractor  
  55  4:55  Drone x2  
  55  4:56  Drone  
  56  5:05  Drone x3  
  56  5:06  Drone x3  
  62  5:08  Overlord  
  62  5:10  Overlord  
  62  5:30  Roach x3  
  62  5:31  Roach x6  
  79  5:36  Roach x3  
  79  5:41  Spine Crawler  
  83  5:44  Roach x3  
  83  5:47  Evolution Chamber  
  83  5:48  Evolution Chamber  
  87  5:51  Roach  
  87  5:53  Overlord  
  87  5:55  Overlord  
  89  5:57  Overlord  
  89  6:07  Roach x2  
  89  6:08  Overlord  
  89  6:11  Overlord  
  89  6:14  Overlord  
  88  6:24  Evolution Chamber  
  85  6:27  Drone x9  
  89  6:49  Drone x4  
  89  6:53  Drone x6  
  93  6:59  Drone  
  91  7:07  Drone x2  
  89  7:20  Overlord  
  88  7:23  Drone x5  
  88  7:28  Extractor  
  92  7:31  Lair  
  92  7:34  Roach  
  92  7:35  Roach x4  
  92  7:36  Ravager x4  
  92  7:37  Ravager x2  
  107  7:44  Drone  
  109  7:45  Hatchery  
  109  7:46  Zerg Melee Weapons Level 1  
  108  7:52  Zergling x2  
  108  7:53  Zergling x4  
  108  7:58  Overlord  
  111  7:59  Overlord  
  111  8:00  Drone  
  111  8:01  Drone x2, Spore Crawler, Overlord  
  111  8:04  Overlord  
  113  8:09  Overlord  
  113  8:11  Overlord  
  113  8:15  Overlord  
  113  8:19  Zergling x12  
  119  8:24  Overlord  
  119  8:29  Overlord  
  119  8:32  Overlord  
  119  8:33  Overlord  
  112  8:35  Overlord  
  112  8:37  Overlord  
  112  8:38  Overseer  
  112  8:41  Drone x3  
  114  8:52  Drone x6  
  119  9:01  Spire  
  119  9:02  Drone x2  
  117  9:04  Extractor  
  117  9:05  Extractor  
  115  9:17  Drone x11  
  115  9:23  Spine Crawler  
  125  9:25  Spore Crawler  
  125  9:26  Glial Reconstitution  
  125  9:29  Zergling x8  
  128  9:33  Spore Crawler, Overlord  
  127  9:40  Zergling x12  
  133  9:49  Evolution Chamber  
  132  10:05  Drone x3  
  119  10:12  Drone x2  
  119  10:13  Extractor  
  120  10:14  Extractor  
  120  10:15  Overseer  
  120  10:17  Mutalisk x12  
  139  10:27  Ravager x6  
  139  10:28  Zergling x16  
  155  10:43  Extractor  
  155  10:44  Extractor  
  153  10:50  Roach x12  
  177  11:03  Zerg Flyer Weapons Level 1  
  177  11:07  Overlord  
  177  11:08  Hatchery  
  173  11:24  Roach x10, Overlord  
  159  11:32  Roach x4  
  148  11:45  Roach x5  
  128  11:50  Roach x2  
  108  11:54  Roach  
  108  12:00  Roach  
  108  12:01  Roach x2  
  100  12:07  Roach x2  
  84  12:22  Mutalisk x4  
  79  12:33  Mutalisk  
  54  12:45  Mutalisk  
  58  12:51  Mutalisk  
  57  13:03  Mutalisk x2  
  46  13:15  Drone x3  
  42  13:20  Drone  
Tags
 
Add a new tag
Caveats
  • Supply blocks, unpowered buildings, or Contaminate may cause inaccurate times.
  • Supply counts are checked every 10 seconds.